 Dungeon Crawl Stone Soup version 0.31-a0-145-g046c7d2549 (webtiles) character file.

Game seed: 16461479143474968104

9 omnomnOMINOUS the Conjurer (level 2, 0/18 HPs)
             Began as an Octopode Wanderer on June 6, 2023.
             Slain by a jackal (2 damage)
             ... on level 1 of the Dungeon.
             The game lasted 00:00:51 (183 turns).

omnomnOMINOUS the Conjurer (Octopode Wanderer)       Turns: 183, Time: 00:00:51

Health: 0/18       AC:  1    Str: 10    XL:     2   Next: 12%
Magic:  5/5        EV: 13    Int: 11    God:
Gold:   37         SH:  0    Dex: 15    Spells: 4/5 levels left

rFire   . . .        a - +0 quarterstaff
rCold   . . .        (shield currently unavailable)
rNeg    . . .        b - +0 hat
rPois   .            (no amulet)
rElec   .            (no ring)
rCorr   .            (no ring)
SInv    .            (no ring)
Will    .....        (no ring)
Stlth   +++          (no ring)
HPRegen 0.23/turn    (no ring)
MPRegen 0.09/turn    (no ring)
                     (no ring)

%: no passive effects
@: no status effects
A: almost no armour, amphibious, 8 rings, camouflage 1, gelatinous body 1,
(nimble swimmer 1), tentacles
a: no special abilities


You were on level 1 of the Dungeon.
You visited 1 branch of the dungeon, and saw 1 of its levels.

You collected 37 gold pieces.

Inventory:

Hand Weapons
 a - a +0 quarterstaff (weapon)
Armour
 b - a +0 hat (worn)
Scrolls
 c - 2 scrolls of teleportation
Potions
 d - a potion of enlightenment {unknown}
 e - a potion of curing {unknown}
 f - a potion of attraction {unknown}
 g - a potion of berserk rage {unknown}


   Skills:
 + Level 0.8 Fighting
 - Level 2.0 Staves
 - Level 1.0 Throwing
 + Level 1.4 Dodging
 - Level 1.3 Stealth
 - Level 2.0 Spellcasting
 + Level 2.2 Conjurations
 - Level 1.1 Evocations


You had 4 spell levels left.
You knew the following spells:

 Your Spells              Type           Power      Damage    Failure   Level
a - Magic Dart            Conj           24%        1d4       12%         1

Your spell library contained the following spells:

 Spells                   Type           Power      Damage    Failure   Level
 Stone Arrow              Conj/Erth      6%         3d7       50%         3
 Fulminant Prism          Conj/Hex       1%         3d5       88%         4


Dungeon Overview and Level Annotations

Branches:
Dungeon (1/15)

Altars:


Innate Abilities, Weirdness & Mutations

You cannot wear most types of armour.
You are amphibious.
You can wear up to eight rings at the same time.
Your skin changes colour to match your surroundings (Stealth+).
Your rubbery body absorbs attacks. (AC +1, EV +1)
((You are camouflaged when in or above water. (Stealth+)))
You have tentacles for arms and can constrict up to eight enemies at once.


Message History

The jackal barks! x2
The jackal barely misses you.
You hear a shout!
You barely miss the jackal. You grab the jackal. You squeeze the jackal.
The jackal is almost dead.
You constrict the jackal, but do no damage.
The jackal completely misses you. The jackal misses you. The jackal bites you.
The jackal barely misses you. x2; The jackal closely misses you.
You are too injured to fight recklessly!
You are too injured to fight recklessly!
You are too injured to fight recklessly!
Unknown command.
You release your grip on the jackal.
The jackal attacks as you move away! The jackal bites you.
A kobold comes into view. It is wielding a +0 short sword.
The jackal misses you. The jackal attacks as you move away!
The jackal misses you.
You sock the jackal!
You kill the jackal!
The jackal bites you.
You have reached level 2!
You closely miss the jackal. Your grab misses the jackal. The jackal bites you.
* * * LOW HITPOINT WARNING * * *
You miss the jackal. You grab the jackal. Your squeeze misses the jackal.
You constrict the jackal. The jackal barely misses you.
The jackal closely misses you.
You hit the jackal but do no damage.
The jackal is moderately wounded.
You constrict the jackal. The jackal bites you.
* * * LOW HITPOINT WARNING * * *
You hit the jackal but do no damage.
The jackal is severely wounded.
You constrict the jackal.
You kill the jackal!
The jackal closely misses you.
You hit the jackal but do no damage. Your grab misses the jackal.
You squeeze the jackal.
You kill the jackal!
The jackal bites you.
You die...

.. #$ .##. ##.# ####.....
... ##...## #.........
.....
##.....###................
#.......##...........[..#.
#.......##.........#.#....
#.......##................
#.....Kh@........... #.#.
#.....###..........# #.#.
#....... #.......(..# #.#.
#.......##.#.......####.#.
#.......##.#............#.
##.....##..#..............
##..K###.##............##
.... .. #.[..........##
..# #.......#######


You could see a jackal and a kobold.

Vanquished Creatures
  A ball python (D:1)
  2 endoplasms (D:1)
  3 jackals (D:1)
  A frilled lizard (D:1)
  2 rats (D:1)
9 creatures vanquished.

Notes
Turn   | Place    | Note
-------+----------+-------------------------------------------
     0 | D:1      | omnomnOMINOUS the Octopode Wanderer began the quest for the
                  | Orb.
     0 | D:1      | omnomnOMINOUS set off with the following items: a +0
                  | quarterstaff, a +0 hat, a scroll of teleportation; and the
                  | following spell memorised: Magic Dart; and the following
                  | spells available to memorise: Stone Arrow, Fulminant Prism.
     0 | D:1      | Reached XP level 1. HP: 11/11 MP: 3/3
   179 | D:1      | Reached XP level 2. HP: 6/18 MP: 5/5
   183 | D:1      | Slain by a jackal

Illustrated notes

Levels and vault maps discovered:
D:1:      saegor_arrival_simple_a, layout_rooms, minmay_misc_feat_enclosed

Action                     || total
---------------------------++-------
  Melee: Quarterstaff      ||    15
         Constrict         ||     6
         Tentacles         ||     3
   Stab: Sleeping          ||     2
  Dodge: Dodged            ||    12

Table legend: (Time is in decaauts)
 A = Elapsed time spent in this place.
 B = Non-inter-level travel time spent in this place.
 C = Inter-level travel time spent in this place.
 D = Time resting spent in this place.
 E = Time spent auto-exploring this place.
 F = Levels seen in this place.
 G = Mean time per level.
                   A        B        C        D        E       F      G
               +--------+--------+--------+--------+--------+-----+--------+
         Total |    185 |    185 |      0 |      0 |    130 |   1 |  185.0 |
       Dungeon |    185 |    185 |      0 |      0 |    130 |   1 |  185.0 |
               +--------+--------+--------+--------+--------+-----+--------+

Top non-repeatable levels by time:
     D:1: 185 daAuts
